 Dungeon Crawl Stone Soup version 0.29.1-12-g30fa7ad0bf (webtiles) character file.

Game seed: 16158819754792476452

261 styxcanada the Covert (level 5, -9/27 HPs)
             Began as a Spriggan Brigand on Jan 13, 2023.
             Mangled by Duvessa
             ... wielding a +0 rapier of holy wrath
              (10 damage)
             ... on level 4 of the Dungeon.
             The game lasted 00:09:53 (2924 turns).

styxcanada the Covert (Spriggan Brigand)            Turns: 2924, Time: 00:09:53

Health: -9/27      AC:  3    Str:  7    XL:     5   Next: 96%
Magic:  6/6        EV: 18    Int: 13    God:
Gold:   146        SH:  0    Dex: 18    Spells: 4/4 levels left

rFire   . . .      SeeInvis +   a - +2 dagger
rCold   . . .      Faith    .   (no shield)
rNeg    . . .      Spirit   .   b - +0 robe
rPois   .          Reflect  .   (helmet restricted)
rElec   .          Harm     .   n - +0 cloak {rCorr}
rCorr   +          Rampage  .   (gloves unavailable)
Will    .....                   (boots unavailable)
Stlth   ++++......              (no amulet)
HPRegen 0.09/turn               (no ring)
MPRegen 0.10/turn               (no ring)

@: very quick
A: very small, no large weapons, unfitting armour, see invisible, speed 3
a: no special abilities


You were on level 4 of the Dungeon.
You visited 1 branch of the dungeon, and saw 4 of its levels.

You collected 146 gold pieces.

Inventory:

Hand Weapons
 a - a +2 dagger (weapon)
 j - a +3 quarterstaff of chaos
Missiles
 d - 4 poisoned darts (quivered)
Armour
 b - a +0 robe (worn)
 n - a +0 cloak of preservation (worn)
Jewellery
 g - a +6 ring of dexterity
Scrolls
 f - a scroll of blinking
 o - a scroll of teleportation
Potions
 c - a potion of flight {unknown}
 h - a potion of brilliance
 i - a potion of magic
 l - 3 potions of curing {unknown}
 m - a potion of haste {unknown}
 p - a potion of attraction {unknown}


   Skills:
 * Level 2.4 Fighting
 + Level 2.8 Short Blades
 + Level 2.7 Throwing
 * Level 3.4 Dodging
 * Level 8.7 Stealth


You had 4 spell levels left.
You didn't know any spells.
Your spell library was empty.

Dungeon Overview and Level Annotations

Branches:
Dungeon (4/15)
 Temple: D:4-7

Altars:
Xom

Annotations:
D:4 Duvessa


Innate Abilities, Weirdness & Mutations

You are very small and have problems with some larger weapons.
You are too small for most types of armour.
You have supernaturally acute eyesight. (SInv)
You cover ground extremely quickly. (Speed+++)


Message History

Duvessa is lightly wounded.
Throw: 8 darts (poison)
Press: ? - help, Q - select action Shift-Dir - straight line, f/p - Duvessa
Aim: Duvessa, wielding a +0 rapier of holy wrath, wearing a +0 chain mail and carrying a wand of roots (4) (lightly wounded, berserk, very poisoned, slow, 73% to hit)
You throw a poisoned dart. The poisoned dart hits Duvessa.
Duvessa looks even sicker.
Duvessa is lightly wounded.
Throw: 7 darts (poison)
Press: ? - help, Q - select action Shift-Dir - straight line, f/p - Duvessa
Aim: Duvessa, wielding a +0 rapier of holy wrath, wearing a +0 chain mail and carrying a wand of roots (4) (lightly wounded, berserk, very poisoned, slow, 73% to hit)
You throw a poisoned dart. The poisoned dart hits Duvessa.
Duvessa looks as sick as possible!
Duvessa is lightly wounded.
Duvessa rages.
Throw: 6 darts (poison)
Press: ? - help, Q - select action Shift-Dir - straight line, f/p - Duvessa
Aim: Duvessa, wielding a +0 rapier of holy wrath, wearing a +0 chain mail and carrying a wand of roots (4) (lightly wounded, berserk, extremely poisoned, slow, 73% to hit)
You throw a poisoned dart. The poisoned dart hits Duvessa.
Duvessa looks as sick as possible!
Duvessa is lightly wounded.
Throw: 5 darts (poison)
Press: ? - help, Q - select action Shift-Dir - straight line, f/p - Duvessa
Aim: Duvessa, wielding a +0 rapier of holy wrath, wearing a +0 chain mail and carrying a wand of roots (4) (moderately wounded, berserk, extremely poisoned, slow, 73% to hit)
You throw a poisoned dart. The poisoned dart hits Duvessa.
Duvessa looks as sick as possible!
Duvessa is moderately wounded.
Duvessa rages.
You hear a shout!
You hit Duvessa.
Duvessa is severely wounded.
Duvessa hits you with a +0 rapier of holy wrath!
You hit Duvessa.
Duvessa is severely wounded.
Duvessa hits you with a +0 rapier of holy wrath!
* * * LOW HITPOINT WARNING * * *
You hit Duvessa but do no damage.
Duvessa is severely wounded.
Duvessa is no longer moving slowly.
Duvessa hits you with a +0 rapier of holy wrath!
You die...

#.......##
####........#
............#
#........#..##
#.....#...# #
##.....#..## ##.##
#..........######....#
##..##.............#
##..#####......@e.###
##..## ##..........###
#...## ##......###...#
.....#####.......#
###.#
................## ###
................##
.................##
#.................##
#.......)..........#


You could see Duvessa (berserk, very poisoned).

Vanquished Creatures
  A gnoll sergeant (D:4)
  Dowan (D:4)
  Crazy Yiuf (D:3)
  Terence (D:2)
  5 gnolls (D:4)
  2 adders (D:2)
  2 dart slugs
  4 bats
  2 endoplasms (D:3)
  2 hobgoblins
  6 kobolds
  A quokka (D:1)
  4 ball pythons (D:1)
  A frilled lizard (D:3)
  4 rats
37 creatures vanquished.

Notes
Turn   | Place    | Note
-------+----------+-------------------------------------------
     0 | D:1      | styxcanada the Spriggan Brigand began the quest for the
                  | Orb.
     0 | D:1      | Reached XP level 1. HP: 10/10 MP: 2/2
   197 | D:1      | Reached skill level 6 in Stealth
   314 | D:1      | Reached XP level 2. HP: 13/15 MP: 3/3
   973 | D:2      | Noticed Terence
  1003 | D:2      | Killed Terence
  1004 | D:2      | Reached skill level 7 in Stealth
  1004 | D:2      | Reached XP level 3. HP: 18/18 MP: 4/4
  1068 | D:2      | Found a shimmering altar of Xom.
  1593 | D:3      | Reached XP level 4. HP: 23/23 MP: 5/5
  1799 | D:3      | Identified the +0 leather armour "Dumovu Buna" {Harm rF++
                  | Will+ Str+2}
  2054 | D:3      | Found a runed translucent door.
  2055 | D:3      | Noticed Crazy Yiuf
  2094 | D:3      | Killed Crazy Yiuf
  2419 | D:3      | Found a faded altar of an unknown god.
  2534 | D:4      | Noticed a gnoll sergeant
  2582 | D:4      | Killed a gnoll sergeant
  2583 | D:4      | Reached skill level 8 in Stealth
  2583 | D:4      | Reached XP level 5. HP: 9/26 MP: 6/6
  2873 | D:4      | Noticed Dowan
  2877 | D:4      | Noticed Duvessa
  2894 | D:4      | Killed Dowan
  2922 | D:4      | HP: 1/27 [Duvessa/+0 rapier of holy wrath (8)]
  2924 | D:4      | Mangled by Duvessa

Illustrated notes

Levels and vault maps discovered:
D:1:      sevenhm_arrival_forest_fort_small_5, layout_basic, minivault_5,
          amethyst_killhole
D:2:      layout_rooms, basic_altar, kennysheep_generic_room_2, uniq_terence
D:3:      layout_basic, dreamdust_ecumenical_altar_hidden_monk_grotto,
          item_on_display_a, uniq_crazy_yiuf_cottage
D:4:      layout_layer_cave, lemuel_crystal_altar,
          nicolae_ossuary_entry_monument, lightli_minifort, uniq_duvessa

Skill      XL: |  1  2  3  4 |
---------------+-------------+-----
Stealth        | 6 7 8 |  8.7
Dodging        | 2 3 |  3.4
Fighting       | 2 |  2.4
Short Blades   | |  2.8
Throwing       | |  2.7

Action                   |  1- 3 |  4- 6 || total
-------------------------+-------+-------++-------
Melee: Dagger            |    51 |    34 ||    85
       Punch             |     1 |     1 ||     2
Throw: Dart              |    13 |    24 ||    37
  Use: Scroll            |     5 |     5 ||    10
       Potion            |       |     1 ||     1
 Stab: Sleeping          |     7 |     2 ||     9
       Distracted        |       |     1 ||     1
Armor: Robe              |    10 |       ||    10
Dodge: Dodged            |    29 |    19 ||    48
